 Dungeon Crawl Stone Soup version 0.18-a0-1800-gdc7a371 (webtiles) character file.

74 Minkie the Chucker (level 4, -1/45 HPs)
             Began as an Ogre Hunter on Apr 25, 2016.
             Slain by a gnoll
             ... wielding a +0 halberd
              (4 damage)
             ... on level 2 of the Dungeon.
             The game lasted 00:05:07 (2113 turns).

Minkie the Chucker (Ogre Hunter)                    Turns: 2113, Time: 00:05:08

Health: -1/45      AC:  3    Str: 17    XL:     4   Next: 28%
Magic:  4/4        EV: 10    Int: 11    God:
Gold:   7          SH:  0    Dex: 10    Spells: 0 memorised, 3 levels left

rFire  . . .     SeeInvis .     e - +0 club
rCold  . . .     Gourm    .     b - +0 robe
rNeg   . . .     Faith    .     (no shield)
rPois  .         Spirit   .     (helmet restricted)
rElec  .         Dismiss  .     (no cloak)
rCorr  .         Reflect  .     (gloves unavailable)
SustAt .         Harm     .     (boots unavailable)
MR     .....                    (no amulet)
Stlth  +.........               (no ring)
                                (no ring)

@: not resistant to hostile enchantments, very unstealthy
A: unfitting armour, tough skin 1
a: no special abilities


You were on level 2 of the Dungeon.
You were not hungry.

You visited 1 branch of the dungeon, and saw 2 of its levels.

You collected 7 gold pieces.

Inventory:

Hand Weapons
 e - a +0 club (weapon)
Missiles
 c - 4 large rocks (quivered)
 d - 2 throwing nets
Armour
 b - a +0 robe (worn)
Scrolls
 a - 4 scrolls of enchant armour {unknown}
 g - a scroll of enchant weapon {unknown}
 k - a scroll of identify {unknown}
 l - a scroll of remove curse {unknown}
Potions
 i - a potion of curing {unknown}
 j - a potion of lignification {unknown}
Comestibles
 f - 2 bread rations
 h - 3 fruits
 m - a chunk of flesh


   Skills:
 - Level 3.1 Fighting
 * Level 3.2 Maces & Flails
 - Level 4.1 Throwing
 + Level 2.7 Dodging
 - Level 0.7 Stealth


You had 3 spell levels left.
You didn't know any spells.

Dungeon Overview and Level Annotations

Branches:
Dungeon (2/15)

Altars:
Nemelex Xobeh
Pakellas


Innate Abilities, Weirdness & Mutations

You are too large for most types of armour.
You have tough skin (AC +1).


Message History

You hit the gnoll.
The gnoll is almost dead.
The gnoll closely misses you.
You barely miss the gnoll.
The gnoll is almost dead.
The gnoll hits you with a club.
* * * LOW HITPOINT WARNING * * *
You hit the gnoll but do no damage.
The gnoll is almost dead.
The gnoll hits you with a club.
* * * LOW HITPOINT WARNING * * *
Throwing (i - inventory. (,) - cycle):
c - 5 large rocks (quivered)
Press: ? - help, Shift-Dir - straight line, f - gnoll
Aim: a gnoll, wielding a club (almost dead)
You throw a large rock. The large rock hits the gnoll.
You kill the gnoll!
The gnoll hits you.
* * * LOW HITPOINT WARNING * * *
The gnoll hits you from afar with a halberd.
You die...

.###.##...#.#####
#.#.........(...#
.....#.# #......#
.###...# #......# .#
#...###......##
.###.............#
......##.......#.#
#..##.##...(...#.#
#..##.##..<....#@#
#..##[##.##.#.##g#
.........##.#.##gg.g#
#......>......#####.#
............### ..
#.##.##.....# .#
⌠.⌠#.##.....# #
._..>##.....#
⌠.⌠..##.....#


You could see 3 gnolls.

Vanquished Creatures
  A gnoll (D:2)
  An adder (D:2)
  An ooze (D:1)
  3 dart slugs
  A giant cockroach (D:2)
  3 goblins (D:1)
  4 hobgoblins (D:1)
  8 jackals
  A ball python (D:1)
  4 bats (D:1)
  3 giant newts
  7 kobolds
  6 rats
43 creatures vanquished.

Notes
Turn   | Place    | Note
--------------------------------------------------------------
     0 | D:1      | Minkie the Ogre Hunter began the quest for the Orb.
     0 | D:1      | Reached XP level 1. HP: 22/22 MP: 1/1
    32 | D:1      | Reached XP level 2. HP: 13/31 MP: 2/2
   277 | D:1      | Reached skill level 1 in Maces & Flails
   783 | D:1      | Reached XP level 3. HP: 32/37 MP: 3/3
  1610 | D:2      | Found a sparkling altar of Nemelex Xobeh.
  1784 | D:2      | Found an oddly glowing altar of Pakellas.
  1837 | D:2      | Reached XP level 4. HP: 16/45 MP: 4/4
  2113 | D:2      | Slain by a gnoll

Vault maps used:
D:1:      onia_arrival_pyramid
D:2:      gammafunk_temple_overflow_statue, nemelex_xobeh_ov_fountains_minmay,
          grunt_decor_resistance, grunt_pakellas_salt

Skill      XL: |  1  2  3 |
---------------+----------+-----
Dodging        | 2 |  2.7
Fighting       | 3 |  3.1
Maces & Flails | 1 3 |  3.2
Throwing       | |  4.1
Stealth        | |  0.7

Action                   |  1- 3 |  4- 6 || total
-------------------------+-------+-------++-------
Melee: Short sword       |    23 |       ||    23
       Club              |   194 |    23 ||   217
Throw: Large rock        |       |     1 ||     1
  Eat: Chunk             |     3 |     1 ||     4
Armor: Robe              |    80 |     3 ||    83
Dodge: Dodged            |   164 |    10 ||   174
